 Dungeon Crawl Stone Soup version 0.32-a0-360-gcd93b57ba1 (webtiles) character file.

Game seed: 3552541506386095895

42 Goblin1989 the Cudgeller (level 3, -1/27 HPs)
             Began as a Coglin Gladiator on Feb 18, 2024.
             Slain by a gnoll
             ... wielding a +0 spear
              (5 damage)
             ... on level 2 of the Dungeon.
             The game lasted 00:01:59 (719 turns).

Goblin1989 the Cudgeller (Coglin Gladiator)          Turns: 719, Time: 00:02:00

Health: -1/27      AC:  4    Str: 16    XL:     3   Next: 56%
Magic:  3/3        EV: 12    Int:  7    God:
Gold:   102        SH:  0    Dex: 15    Spells: 2/2 levels left

rFire   . . .        a - +0 flail {Eadburga}
rCold   . . .        (no shield)
rNeg    . . .        b - +0 leather armour
rPois   .            c - +0 helmet
rElec   .            (no cloak)
rCorr   .            (no gloves)
SInv    +            (no boots)
Will    .....        (no amulet)
Stlth   +            j - ring of see invisible
HPRegen 0.24/turn    (no ring)
MPRegen 0.08/turn

%: no passive effects
@: revving
A: off-hand wielding, slow wielding, warmup strikes, warmup strides
a: no special abilities


You were on level 2 of the Dungeon.
You visited 1 branch of the dungeon, and saw 2 of its levels.

You collected 102 gold pieces.

Inventory:

Hand Weapons
 a - a +0 flail (weapon) {Eadburga}
Missiles
 d - 3 throwing nets (quivered) {!d , @Q1}
 e - a javelin
Armour
 b - a +0 leather armour (worn)
 c - a +0 helmet (worn)
Jewellery
 j - a ring of see invisible (left grasper)
Scrolls
 f - 4 scrolls of enchant armour {unknown}
 g - 2 scrolls of noise {unknown}
 i - 2 scrolls of teleportation {unknown}
 k - a scroll of poison {unknown}
Potions
 h - a potion of mutation {unknown}


   Skills:
 - Level 2.0 Fighting
 + Level 4.1 Maces & Flails
 - Level 1.7 Throwing
 - Level 2.6 Dodging


You had 2 spell levels left.
You didn't know any spells.
Your spell library was empty.

Dungeon Overview and Level Annotations

Branches:
Dungeon (2/15) Zot: 11222

Altars:


Innate Abilities, Weirdness & Mutations

You can wield a second weapon in your off-hand.
It takes a long time for you to wield or remove held weapons.
Your first few attacks do less damage.
Your first movements take longer.


Message History

A goblin is nearby!
A goblin is nearby!
The goblin shouts!
The goblin hits you with a +0 club.
You take 4 damage, and have 23/27 hp.
You barely miss the goblin. The goblin barely misses you.
You hit the goblin.
You kill the goblin!
No target in view!
No target in view!
No target in view!
No target in view!
No target in view!
No target in view!
No target in view!
No target in view!
No target in view!
No target in view!
No target in view!
No target in view!
No target in view!
No target in view!
g - 2 scrolls labelled YGANORAHEN (gained 1)
You see here a +0 club.
You now have 102 gold pieces (gained 10).
A goblin comes into view. It is wielding a +0 dagger.
Health restored: 27 A goblin is nearby!
A goblin is nearby!
The goblin shouts!
You hear a shout!
You barely miss the goblin. The goblin hits you with a +0 dagger.
You take 1 damage, and have 26/27 hp.
You sock the goblin!
You kill the goblin!
No target in view!
No target in view!
No target in view!
No target in view!
No target in view!
No target in view!
No target in view!
No target in view!
No target in view!
No target in view!
No target in view!
No target in view!
No target in view!
No target in view!
A gnoll comes into view. It is wielding a +0 club.
Health restored: 27 A gnoll comes into view.
It is wielding a +0 spear.
The gnoll attacks as it pursues you! The gnoll hits you with a +0 club.
You take 3 damage, and have 24/27 hp.
As you open the door, it creaks loudly!
You hear a shout! x2
The gnoll hits you with a +0 club.
You take 3 damage, and have 21/27 hp.
The gnoll hits you with a +0 club.
There is an open door here.
You take 2 damage, and have 19/27 hp.
A gnoll comes into view. It is wielding a +0 whip.
You thump the gnoll!
The gnoll is heavily wounded.
The gnoll hits you with a +0 club!
* * * LOW HITPOINT WARNING * * *
You take 7 damage, and have 12/27 hp.
MASSIVE DAMAGE!!
You are too injured to fight recklessly!
You are too injured to fight recklessly!
You are too injured to fight recklessly!
You are too injured to fight recklessly!
You are too injured to fight recklessly!
You are too injured to fight recklessly!
You are too injured to fight recklessly!
You are too injured to fight recklessly!
You are too injured to fight recklessly!
You are too injured to fight recklessly!
You are too injured to fight recklessly!
You are too injured to fight recklessly!
You are too injured to fight recklessly!
You are too injured to fight recklessly!
You are too injured to fight recklessly!
You are too injured to fight recklessly!
You are too injured to fight recklessly!
You are too injured to fight recklessly!
You are too injured to fight recklessly!
You are too injured to fight recklessly!
You barely miss the gnoll.
The gnoll is heavily wounded.
A gnoll comes into view. It is wielding a +0 club.
The gnoll misses you. The gnoll hits you with a +0 club.
* * * LOW HITPOINT WARNING * * *
You take 4 damage, and have 8/27 hp.
The gnoll attacks as it pursues you! The gnoll closely misses you.
The gnoll attacks as it pursues you! The gnoll hits you with a +0 club.
* * * LOW HITPOINT WARNING * * *
The gnoll hits you from afar with a +0 spear.
* * * LOW HITPOINT WARNING * * *
You take 4 damage, and have 4/27 hp.
The gnoll closely misses you.
The gnoll hits you from afar with a +0 spear.
You die...

█.█ █.█ █.█ ██∆██
█.████ ██...██ █....█
██.....██
██.██.███..<....██
█████.).█.██.........█
............▲..)......▲
██████...█.██.........█
██.██.███..@....██
█.....█ ██..g..██
█.█████ ██g..██ █.█
██∆██ █.█


█g█ █.█ ███████.███████ █.█ █......g█...... ███.████.████....█
█.....██.███.....███ You could see 4 gnolls.

Vanquished Creatures
  3 ball pythons (D:1)
  A bat (D:1)
  An endoplasm (D:1)
  2 giant cockroaches
  2 goblins (D:2)
  3 hobgoblins (D:1)
  2 jackals (D:1)
  3 quokkas
  3 kobolds
  3 rats (D:1)
23 creatures vanquished.

Notes
Turn   | Place    | Note
-------+----------+-------------------------------------------
     0 | D:1      | Goblin1989 the Coglin Gladiator began the quest for the
                  | Orb.
     0 | D:1      | Reached XP level 1. HP: 16/16 MP: 1/1
    33 | D:1      | Reached skill level 3 in Maces & Flails
    35 | D:1      | Reached XP level 2. HP: 12/22 MP: 2/2
   130 | D:1      | Found a faded altar of an unknown god.
   353 | D:1      | Reached XP level 3. HP: 20/27 MP: 3/3
   575 | D:2      | Reached skill level 4 in Maces & Flails
   719 | D:2      | Slain by a gnoll

Illustrated notes

Levels and vault maps discovered:
D:1:      minmay_arrival_checkered_box, layout_basic,
          hellmonk_ecumenical_altar_inner_sanctum
D:2:      layout_loops_corners, basic_altar

Skill      XL: |  1  2  3 |
---------------+----------+-----
Maces & Flails | 3 4 |  4.1
Fighting       | |  2.0
Throwing       | |  1.7
Dodging        | |  2.6

Action                     || total
---------------------------++-------
  Melee: Flail             ||    66
 Armour: Leather armour    ||    65
  Dodge: Dodged            ||    69

Table legend: (Time is in decaauts)
 A = Elapsed time spent in this place.
 B = Non-inter-level travel time spent in this place.
 C = Inter-level travel time spent in this place.
 D = Time resting spent in this place.
 E = Time spent auto-exploring this place.
 F = Levels seen in this place.
 G = Mean time per level.
                   A        B        C        D        E       F      G
               +--------+--------+--------+--------+--------+-----+--------+
         Total |    776 |    768 |      8 |      0 |    593 |   2 |  388.0 |
       Dungeon |    776 |    768 |      8 |      0 |    593 |   2 |  388.0 |
               +--------+--------+--------+--------+--------+-----+--------+

Top non-repeatable levels by time:
     D:1: 603 daAuts
     D:2: 173 daAuts
